 Dungeon Crawl Stone Soup version 0.31-a0-986-g5e6e4ef867 (webtiles) character file.

Game seed: 6514764246916517687

251 McSplat the Sneak (level 5, -1/24 HPs)
             Began as a Spriggan Enchanter on Sept 17, 2023.
             Slain by an iguana (11 damage)
             ... on level 4 of the Dungeon on Nov 25, 2023.
             The game lasted 00:15:16 (3439 turns).

McSplat the Sneak (Spriggan Enchanter)              Turns: 3439, Time: 00:15:16

Health: -1/24      AC:  2    Str:  4    XL:     5   Next: 88%
Magic:  1/12       EV: 17    Int: 19    God:
Gold:   171        SH:  4    Dex: 15    Spells: 1/12 levels left

rFire   . . .        a - +1 dagger
rCold   . . .        d - +0 buckler
rNeg    . . .        b - +0 robe
rPois   .            (helmet restricted)
rElec   .            (no cloak)
rCorr   +            (gloves unavailable)
SInv    +            (boots unavailable)
Will    .....        (no amulet)
Stlth   +++          m - ring of resist corrosion
HPRegen 0.24/turn    (no ring)
MPRegen 0.13/turn

%: no passive effects
@: very slightly contaminated, invisible, very quick
A: very small, no large weapons, unfitting armour, see invisible, speed 3
a: no special abilities


You were on level 4 of the Dungeon.
You visited 1 branch of the dungeon, and saw 4 of its levels.

You collected 171 gold pieces.

Inventory:

Hand Weapons
 a - a +1 dagger (weapon)
Missiles
 i - 2 poisoned darts
Armour
 b - a +0 robe (worn)
 d - a +0 buckler (worn)
Jewellery
 m - a ring of resist corrosion (left hand)
Scrolls
 e - 2 scrolls of fear {unknown}
 g - a scroll of vulnerability {unknown}
 j - a scroll of poison {unknown}
 n - 4 scrolls of enchant weapon {unknown}
 p - 6 scrolls of identify {unknown}
 r - a scroll of amnesia {unknown}
 s - a scroll of teleportation {unknown}
 t - a scroll of summoning {unknown}
Potions
 c - 3 potions of invisibility
 f - 3 potions of heal wounds {unknown}
 h - a potion of magic {unknown}
 k - a potion of attraction {unknown}
 o - 2 potions of brilliance {unknown}
 q - 2 potions of curing {unknown}


   Skills:
 + Level 2.9 Short Blades
 + Level 4.2 Dodging
 + Level 5.8 Stealth
 - Level 4.0 Spellcasting
 + Level 0.2 Conjurations
 + Level 4.8 Hexes
 - Level 1.0 Ice Magic


You had one spell level left.
You knew the following spells:

 Your Spells              Type           Power      Damage    Failure   Level
a - Ensorcelled Hibernat  Hex/Ice        28%        N/A       13%         2
b - Tukima's Dance        Hex            22%        N/A       12%         3
c - Confusing Touch       Hex            22%        N/A       12%         3
d - Dazzling Flash        Conj/Hex       26%        N/A       30%         3

Your spell library contained the following spells:

 Spells                   Type           Power      Damage    Failure   Level
 Summon Small Mammal      Summ           12%        N/A       28%         1
 Summon Guardian Golem    Hex/Summ       12%        N/A       32%         3
 Call Canine Familiar     Summ           3%         N/A       63%         3
 Dimensional Bullseye     Hex/Tloc       6%         N/A       71%         4
 Iskenderun's Mystic Bla  Conj/Tloc      4%         2d3       95%         4


Dungeon Overview and Level Annotations

Branches:
Dungeon (4/15)
 Temple: D:4-7

Altars:
Xom

Annotations:
D:2 Robin
D:4 Pikel


Innate Abilities, Weirdness & Mutations

You are very small and have problems with some larger weapons.
You are too small for most types of armour.
You have supernaturally acute eyesight. (SInv)
You cover ground extremely quickly. (Speed+++)


Message History

You block the ball python's attack.
Unknown command.
Casting: Ensorcelled Hibernation (safe; 13% risk of failure)
Confirm with . or Enter, or press ? or * to list all spells.
Aiming: Ensorcelled Hibernation (safe; 13% risk of failure)
Press: ? - help, Shift-Dir - straight line, f/p - ball python
Aim: a ball python (chance to affect: 65%)
The ball python struggles to resist.
The ball python closely misses you. The ball python grabs you.
The ball python constricts you. The ball python bites you.
The ball python constricts you.
Unknown command.
Casting: Ensorcelled Hibernation (safe; 13% risk of failure)
Confirm with . or Enter, or press ? or * to list all spells.
Aiming: Ensorcelled Hibernation (safe; 13% risk of failure)
Press: ? - help, Shift-Dir - straight line, f/p - ball python
Aim: a ball python (constricting you, chance to affect: 65%)
The ball python looks drowsy...
The ball python loses its grip on you.
Unknown command.
The helpless ball python fails to defend itself.
You impale the ball python!!
You kill the ball python!
Casting: Ensorcelled Hibernation (safe; 13% risk of failure)
Confirm with . or Enter, or press ? or * to list all spells.
Aiming: Ensorcelled Hibernation (safe; 13% risk of failure)
Press: ? - help, Shift-Dir - straight line, f - iguana
Aim: an iguana (chance to affect: 56%)
The iguana resists with significant effort.
The iguana bites you!
Ouch! That really hurt!
Unknown command.
Casting: Ensorcelled Hibernation (safe; 13% risk of failure)
Confirm with . or Enter, or press ? or * to list all spells.
Okay, then.
You fade into invisibility!
You block the iguana's attack.
You strike the helpless iguana from behind!
You puncture the iguana!
The iguana is almost dead.
The iguana bites you!
You die...

.# #.. #.# ##.# #..#
#..# ###..# .. #<#..#
# ... #@#..###.#####
.#..## #l#...........
....... #.#..###.#####
..#.##.###$#..###.#
##.........=.........
...............###...
# .........#.....)..#
#
...................###
#..#...........o.#.#<#


You could see an iguana (unable to see you).

Vanquished Creatures
  3 iguanas
  Natasha (thrice) (D:2)
  2 adders
  A worm (D:2)
  4 orcs
  13 ball pythons
  5 bats
  7 endoplasms
  2 giant cockroaches (D:4)
  7 goblins
  5 hobgoblins
  9 jackals (D:1)
  A frilled lizard (D:3)
  3 kobolds
  8 rats
73 creatures vanquished.

Vanquished Creatures (others)
  A dancing weapon (D:4)
1 creature vanquished.

Grand Total: 74 creatures vanquished

Notes
Turn   | Place    | Note
-------+----------+-------------------------------------------
     0 | D:1      | McSplat the Spriggan Enchanter began the quest for the Orb.
     0 | D:1      | Reached XP level 1. HP: 9/9 MP: 5/5
    37 | D:1      | Upgraded the game from 0.31-a0-774-g0d66cbabe8 to
                  | 0.31-a0-819-gf6de2f5ab6
   190 | D:1      | Reached XP level 2. HP: 11/13 MP: 6/6
   203 | D:1      | Learned a level 2 spell: Ensorcelled Hibernation
   511 | D:1      | Reached XP level 3. HP: 12/16 MP: 8/8
   533 | D:1      | Learned a level 3 spell: Tukima's Dance
   537 | D:1      | Learned a level 3 spell: Confusing Touch
   829 | D:2      | Reached skill level 5 in Stealth
   838 | D:2      | Noticed Natasha
   843 | D:2      | Killed Natasha
   956 | D:2      | Reached XP level 4. HP: 21/21 MP: 7/10
   980 | D:2      | Noticed Natasha
   986 | D:2      | Killed Natasha
  1115 | D:2      | Identified the +1 robe "Achac" {Harm Will+ Dex-4}
  1289 | D:2      | Noticed Natasha
  1295 | D:2      | Killed Natasha
  1325 | D:2      | Reached skill level 1 in Ice Magic
  1466 | D:2      | Noticed Robin
  1768 | D:3      | You fall into a shaft and drop 1 floor!
  1855 | D:3      | Reached XP level 5. HP: 24/24 MP: 8/11
  1893 | D:3      | Found a shimmering altar of Xom.
  2878 | D:4      | Upgraded the game from 0.31-a0-819-gf6de2f5ab6 to
                  | 0.31-a0-986-g5e6e4ef867
  3070 | D:4      | Learned a level 3 spell: Dazzling Flash
  3113 | D:4      | Noticed a lemure
  3115 | D:4      | Noticed a lemure
  3137 | D:4      | Noticed a lemure
  3376 | D:4      | Noticed Pikel
  3439 | D:4      | Slain by an iguana

Illustrated notes

Levels and vault maps discovered:
D:1:      saegor_arrival_under_anarchy, layout_rooms, kennysheep_doodads
D:2:      layout_basic, minivault_19, uniq_natasha, uniq_robin
D:3:      layout_basic, mainiacjoe_overflow_tiny_flanked
D:4:      layout_basic, elyvilon_altar_1, grunt_temple_overflow_holy_war,
          uniq_pikel

Skill      XL: |  1  2  3  4  5 |
---------------+----------------+-----
Dodging        | 3 4 |  4.2
Spellcasting   | 3 4 |  4.0
Hexes          | 4 |  4.8
Stealth        | 5 |  5.8
Short Blades   | 2 |  2.9
Ice Magic      | 1 |  1.0
Conjurations   | |  0.2

Action                     |  1- 3 |  4- 6 || total
---------------------------+-------+-------++-------
  Melee: Dagger            |   100 |    73 ||   173
  Throw: Dart              |     9 |       ||     9
   Cast: Ensorcelled Hiber |     4 |    37 ||    41
         Tukima's Dance    |       |     4 ||     4
    Use: Potion            |       |     1 ||     1
   Stab: Sleeping          |     8 |    29 ||    37
         Invisible         |       |     1 ||     1
 Armour: Robe              |    28 |    28 ||    56
  Dodge: Dodged            |    71 |    50 ||   121
  Block: Buckler           |       |    10 ||    10

Table legend: (Time is in decaauts)
 A = Elapsed time spent in this place.
 B = Non-inter-level travel time spent in this place.
 C = Inter-level travel time spent in this place.
 D = Time resting spent in this place.
 E = Time spent auto-exploring this place.
 F = Levels seen in this place.
 G = Mean time per level.
                   A        B        C        D        E       F      G
               +--------+--------+--------+--------+--------+-----+--------+
         Total |   2481 |   2292 |    189 |    254 |   1427 |   4 |  620.2 |
       Dungeon |   2481 |   2292 |    189 |    254 |   1427 |   4 |  620.2 |
               +--------+--------+--------+--------+--------+-----+--------+

Top non-repeatable levels by time:
     D:3: 966 daAuts
     D:2: 680 daAuts
     D:1: 571 daAuts
     D:4: 263 daAuts
